 Dungeon Sprint DCSS version 0.19.1 (webtiles) character file.

1452 dvd the Blocker (level 8, -2/82 HPs)
             Began as a Minotaur Fighter on Dec 22, 2016.
             Was an Initiate of Okawaru.
             Slain by a polar bear (3 damage)
             ... in the Dungeon (Sprint II: "The Violet Keep of Menkaure").
             The game lasted 00:04:30 (525 turns).

dvd the Blocker (Minotaur Fighter)                   Turns: 525, Time: 00:04:31

Health: -2/82      AC: 17    Str: 21    XL:     8   Next: 47%
Magic:  7/7        EV:  7    Int:  5    God:    Okawaru [......]
Gold:   160        SH: 12    Dex: 12    Spells: 0 memorised, 7 levels left

rFire  . . .     SeeInvis +     a - +0 war axe
rCold  . . .     Gourm    .     d - +2 plate armour of Amorality {*Drain +Inv SInv}
rNeg   . . .     Faith    .     c - +0 shield
rPois  .         Spirit   .     (helmet restricted)
rElec  .         Reflect  .     (no cloak)
rCorr  .         Harm     .     (no gloves)
MR     .....     NoTele   +     (no boots)
Stlth  ..........               (no amulet)
                                (no ring)
                                (no ring)

@: no status effects
A: retaliatory headbutt, horns 2, blurry vision 2
a: Renounce Religion, Evoke Invisibility


You were in the Dungeon.
You worshipped Okawaru.
Okawaru was noncommittal.
You were not hungry.

You visited 1 branch You collected 972 gold pieces.
You spent 812 gold pieces at shops.

Inventory:

Hand Weapons
 a - a +0 war axe (weapon)
Armour
 b - a +0 scale mail
 c - a +0 shield (worn)
 d - the +2 plate armour of Amorality (worn) {*Drain +Inv SInv}
   (You bought it in a shop in the Dungeon)

   It lets you see invisible.
   It lets you turn invisible.
   It causes draining when unequipped.
Scrolls
 k - a scroll of blinking
Potions
 h - a potion of haste
 i - 2 potions of magic
Comestibles
 f - a bread ration


   Skills:
 + Level 11.1 Fighting
 + Level 11.6 Axes
 + Level 11.4 Armour
 + Level 2.3 Dodging
 + Level 1.4 Stealth
 + Level 11.9 Shields


You had 7 spell levels left.
You didn't know any spells.

Dungeon Overview and Level Annotations

Branches:
Dungeon (1/1)

Altars:
Cheibriados
Dithmenos
Elyvilon
Fedhas
Gozag
Hepliaklqana
Kikubaaqudgha
Makhleb
Nemelex Xobeh
Okawaru
Qazlal
Ru
Sif Muna
Trog
Uskayaw
Vehumet
Xom
Yredelemnul
Zin
The Shining One
Beogh
Jiyva
Lugonu

Shops:
D =:!!:??[%![=(}**

Annotations:
D exclusion: oklob plant


Innate Abilities, Weirdness & Mutations

You reflexively headbutt those who attack you in melee.
You have a pair of horns on your head.
Scrolls take you longer to read.


Message History

You closely miss the polar bear.
The polar bear is severely wounded.
You hit the polar bear but do no damage.
The polar bear bites you but does no damage.
You block the polar bear's attack. x2
Unknown command.
You barely miss the polar bear.
The polar bear is severely wounded.
You slash the polar bear! The polar bear barely misses you.
You furiously retaliate!
You headbutt the polar bear, but do no damage.
The polar bear claws you but does no damage.
The polar bear barely misses you. x2; You furiously retaliate!
You headbutt the polar bear!
The polar bear claws you but does no damage. x2
You barely miss the polar bear. Your headbutt misses the polar bear.
The polar bear is severely wounded.
Your plate armour of Amorality prevents you from hitting the polar bear.
The polar bear bites you.
You die... #..# ...# ...# ).####..## #..# .# !$[ '###.##..# +..# .# $$[ .##.#.#..# #..# .# !)?[

<.'.##'..### ..##.#▓$!(?
.##..##....###...##▓▓▓▓▓
†###.##....§.≈≈ch≈≈≈≈≈≈≈
#.####≈≈...§.≈#h########
#..#≈†≈§≈§≈..≈#h@_.....#
..##≈≈≈§§≈≈§§≈#._._....#
+##≈≈≈≈§≈≈§§≈≈#_._._...#
≈≈≈§≈§≈≈§§§≈≈#._._._..#
+++#§§≈≈≈§§§≈#_._._._.#
##§§§###≈§#._._._._#
#≈≈#.._._._.#
#§§#..._._..#


You could see 3 polar bears and a yaktaur.

Vanquished Creatures
  A siren (D)
  A hornet (D)
  4 neqoxecs (D)
  4 necrophages (D)
  A crocodile (D)
  3 worms (D)
14 creatures vanquished.

Vanquished Creatures (others)
  Menkaure (D)
  A crocodile (D)
2 creatures vanquished.

Grand Total: 16 creatures vanquished

Notes
Turn   | Place    | Note
-------+----------+-------------------------------------------
     0 | D        | dvd the Minotaur Fighter began the quest for the Orb.
     0 | D        | Reached XP level 1. HP: 19/19 MP: 0/0
    16 | D        | Reached XP level 2. HP: 26/28 MP: 1/1
    34 | D        | Noticed a siren
    44 | D        | Killed a siren
    44 | D        | Reached XP level 3. HP: 37/41 MP: 2/2
    44 | D        | Reached XP level 4. HP: 45/49 MP: 3/3
    44 | D        | Reached XP level 5. HP: 51/56 MP: 4/4
    44 | D        | Reached XP level 6. HP: 57/62 MP: 5/5
    51 | D        | Killed Menkaure
   158 | D        | Noticed a neqoxec
   158 | D        | Noticed a neqoxec
   158 | D        | Noticed a neqoxec
   158 | D        | Noticed a neqoxec
   163 | D        | Gained mutation: Scrolls take you a little longer to read. [a neqoxec]
   166 | D        | Killed a neqoxec
   166 | D        | Reached skill level 10 in Shields
   166 | D        | Killed a neqoxec
   166 | D        | Reached skill level 10 in Armour
   166 | D        | Reached XP level 7. HP: 38/71 MP: 6/6
   167 | D        | Gained mutation: Scrolls take you longer to read. [a neqoxec]
   170 | D        | Killed a neqoxec
   170 | D        | Reached skill level 10 in Fighting
   170 | D        | Reached skill level 1 in Stealth
   173 | D        | Killed a neqoxec
   173 | D        | Reached skill level 10 in Axes
   173 | D        | Reached skill level 1 in Dodging
   389 | D        | Reached XP level 8. HP: 78/81 MP: 7/7
   414 | D        | Found Beangael's Gadget Emporium.
   414 | D        | Found Oploc's General Store.
   414 | D        | Found Gizaduz's Distillery.
   414 | D        | Found Izearamp's Antique Weapon Shoppe.
   414 | D        | Found Ynadela's General Store.
   414 | D        | Found Uvvogh's Food Emporium.
   414 | D        | Found Mepijex's Jewellery Emporium.
   414 | D        | Found Farul's Antique Armour Shoppe.
   415 | D        | Found Ynkosh's Magic Scroll Emporium.
   415 | D        | Found Vudae's Magic Scroll Shoppe.
   415 | D        | Found Ihoeh's Book Shoppe.
   415 | D        | Noticed a hell hog
   416 | D        | Found Tuor's Antique Armour Emporium.
   417 | D        | Noticed a hell hog
   417 | D        | Found Oddakh's Distillery.
   417 | D        | Found Mufesef's Distillery.
   417 | D        | Noticed an oklob plant
   417 | D        | Noticed a spiny frog
   418 | D        | Noticed a spiny frog
   418 | D        | Found Sirolitwu's Jewellery Shoppe.
   418 | D        | Found Umuga's Book Shoppe.
   432 | D        | Noticed a shining eye
   432 | D        | Noticed a shining eye
   436 | D        | Noticed a shining eye
   449 | D        | Bought an ichor-stained plate armour for 812 gold pieces
   459 | D        | Identified the +2 plate armour of Amorality {*Drain +Inv SInv} (You bought it in a shop in the Dungeon)
   493 | D        | Found an iron altar of Okawaru.
   493 | D        | Found a radiant altar of Vehumet.
   493 | D        | Found a glowing golden altar of the Shining One.
   494 | D        | Found a sparkling altar of Nemelex Xobeh.
   494 | D        | Found a hide-covered altar of Uskayaw.
   495 | D        | Found an opulent altar of Gozag.
   495 | D        | Found a burning altar of Makhleb.
   495 | D        | Found a bloodstained altar of Trog.
   495 | D        | Found a glowing silver altar of Zin.
   496 | D        | Found a blossoming altar of Fedhas.
   496 | D        | Found a corrupted altar of Lugonu.
   496 | D        | Found a deep blue altar of Sif Muna.
   497 | D        | Found a white marble altar of Elyvilon.
   497 | D        | Found an ancient bone altar of Kikubaaqudgha.
   498 | D        | Found a shadowy altar of Dithmenos.
   498 | D        | Found a viscous altar of Jiyva.
   499 | D        | Found a snail-covered altar of Cheibriados.
   501 | D        | Noticed a polar bear
   501 | D        | Found a roughly hewn altar of Beogh.
   501 | D        | Found a basalt altar of Yredelemnul.
   501 | D        | Found a sacrificial altar of Ru.
   501 | D        | Found a hazy altar of Hepliaklqana.
   501 | D        | Noticed a hornet
   502 | D        | Noticed a polar bear
   502 | D        | Noticed a polar bear
   502 | D        | Found a shimmering altar of Xom.
   502 | D        | Found a stormy altar of Qazlal.
   502 | D        | Noticed a yaktaur
   503 | D        | Became a worshipper of Warmaster Okawaru
   514 | D        | Paralysed by a hornet for 1 turns
   518 | D        | Killed a hornet
   522 | D        | HP: 1/82 [polar bear (8)]
   525 | D        | Slain by a polar bear

Skill      XL: |  1  2  3  4  5  6  7  8 |
---------------+-------------------------+-----
Fighting       | 4 8 9 10 11 | 11.1
Armour         | 4 9 10 11 | 11.4
Shields        | 4 9 10 11 | 11.9
Axes           | 6 8 10 11 | 11.6
Stealth        | 1 |  1.4
Dodging        | 1 2 |  2.3

Action                   |  1- 3 |  4- 6 |  7- 9 || total
-------------------------+-------+-------+-------++-------
Melee: War axe           |    20 |     6 |    55 ||    81
       Headbutt          |     5 |       |     9 ||    14
  Use: Potion            |     1 |     1 |     2 ||     4
Armor: Scale mail        |     1 |     3 |     8 ||    12
       Plate armour      |       |       |    40 ||    40
Dodge: Dodged            |     7 |     5 |    30 ||    42
Block: Shield            |     6 |     6 |    57 ||    69
